Golden Knights vs Blue Jackets
Created - October 20, 2020 at 19:27
Goals
|
Golden Knights |
0 |
2 |
1 |
3 |
Blue Jackets |
0 |
1 |
1 |
2 |
|
Shots
|
Golden Knights |
10 |
17 |
11 |
38 |
Blue Jackets |
10 |
8 |
14 |
32 |
|
1st period
No Goal
Penalties :
Steve Bernier (Vgs) for Hooking (Minor) at 2:20, Brandon Bollig (Clb) for Hooking (Minor) at 4:59, Michael Frolik (Vgs) for Interference (Minor) at 5:21, Ilya Kovalchuk (Vgs) for Hooking (Minor) at 13:21, Patrice Cormier (Vgs) for Hooking (Minor) at 19:08, Ilya Kovalchuk (Vgs) for Slashing (Minor) at 19:43
2nd period
1. Blue Jackets , Devin Setoguchi 1 (Artemi Panarin 1, Tyler Seguin 1) at 0:40 (PP)
2. Golden Knights , Jared Cowen 1 (Michael Frolik 1, Zach Bogosian 1) at 3:51
3. Golden Knights , Patrice Cormier 1 (Steve Bernier 1, Shawn Matthias 1) at 16:46
Penalties :
Dalton Prout (Clb) for High sticking (Minor) at 9:01, Michael Kostka (Vgs) for High sticking (Minor) at 18:23
3rd period
4. Golden Knights , Zach Bogosian 1 (Vladimir Zharkov 1, Martin Hanzal 1) at 12:56
5. Blue Jackets , Artemi Panarin 1 (Martin Havlat 1) at 14:46
Penalties :
Cam Fowler (Clb) for Tripping (Minor) at 3:58
Goalie Stats
Robin Lehner (Vgs), 30 saves from 32 shots - (0.938), W, 1-0-0, 60:00 minutes
Rick DiPietro (Clb), 35 saves from 38 shots - (0.921), L, 0-1-0, 58:56 minutes
Players Stats for Golden Knights
Player Name G A P +/- PIM S H SB GA TA FO MP PP MP PK MP
------------------------------------------------------------------------------------
Andrei Loktionov 0 0 0 0 0 7 0 0 1 1 9/24 20:22 3:23 2:05
Chris Higgins 0 0 0 0 0 1 2 0 0 0 0/1 14:13 0:57 0:12
Ilya Kovalchuk 0 0 0 0 4 8 2 3 0 1 2/4 22:06 3:23 3:07
Jared Cowen 1 0 1 1 0 1 0 0 2 0 0/0 29:00 3:23 6:01
Martin Hanzal 0 1 1 1 0 1 1 0 0 0 1/2 6:35 0:00 0:14
Mathew Dumba 0 0 0 0 0 0 3 2 0 0 0/0 19:59 0:57 3:10
Matt Stajan 0 0 0 0 0 0 1 0 1 0 8/9 16:45 0:57 2:05
Michael Frolik 0 1 1 0 2 5 2 0 3 0 3/15 23:40 3:22 5:32
Michael Kostka 0 0 0 0 2 2 1 2 0 0 0/0 19:06 0:57 2:18
Patrice Cormier 1 0 1 1 2 3 2 0 0 0 1/5 11:23 0:00 0:00
Sergei Plotnikov 0 0 0 1 0 1 1 0 0 0 0/0 7:41 0:00 1:20
Shawn Matthias 0 1 1 1 0 0 1 0 0 1 1/2 13:36 0:00 2:13
Steve Bernier 0 1 1 1 2 0 2 2 0 0 0/2 11:46 0:00 0:00
Vladimir Mihalik 0 0 0 1 0 0 1 2 1 0 0/0 11:23 0:00 0:04
Vladimir Zharkov 0 1 1 1 0 0 0 0 0 0 0/0 6:05 0:00 0:00
Wayne Simmonds 0 0 0 0 0 0 2 0 1 0 0/0 14:01 0:57 0:00
Wes O'Neill 0 0 0 1 0 1 0 1 0 0 0/0 12:08 0:00 0:34
Zach Bogosian 1 1 2 1 0 8 1 3 1 1 0/0 28:38 3:23 5:39
Players Stats for Blue Jackets
Player Name G A P +/- PIM S H SB GA TA FO MP PP MP PK MP
------------------------------------------------------------------------------------
Andreas Nodl 0 0 0 -1 0 2 1 0 0 1 0/0 9:13 0:00 0:00
Artemi Panarin 1 1 2 0 0 2 0 0 0 0 2/4 22:47 5:17 2:47
Brandon Bollig 0 0 0 -1 2 1 2 0 0 0 0/0 9:15 0:03 0:00
Branislav Mezei 0 0 0 0 0 0 0 1 0 0 0/0 9:10 0:00 0:00
Cam Fowler 0 0 0 0 2 0 3 2 1 2 0/0 28:35 5:56 0:56
Cody Eakin 0 0 0 -1 0 3 0 0 0 0 1/5 9:13 0:00 0:00
Dalton Prout 0 0 0 -2 2 0 0 1 0 0 0/0 19:53 2:57 1:01
Devin Setoguchi 1 0 1 -1 0 4 1 0 1 0 0/1 16:48 5:17 0:00
Eric Wellwood 0 0 0 0 0 3 0 0 0 1 0/1 11:54 0:00 0:50
Martin Havlat 0 1 1 0 0 1 1 0 1 0 2/2 15:39 3:23 0:00
Max Pacioretty 0 0 0 -1 0 2 0 0 1 0 0/0 16:35 3:36 1:33
Mike Lundin 0 0 0 0 0 0 1 0 0 1 0/0 29:31 5:56 1:54
Pavel Datsyuk 0 0 0 -1 0 1 0 0 0 0 5/7 10:48 0:10 0:00
Peter Mueller 0 0 0 0 0 1 0 0 0 2 8/11 16:39 3:36 0:43
Rob Scuderi 0 0 0 -2 0 1 0 2 0 2 0/0 21:19 2:57 2:26
Ryan Wilson 0 0 0 0 0 1 1 1 0 1 0/0 12:29 0:00 2:23
Tyler Kennedy 0 0 0 0 0 4 0 0 0 0 0/0 11:25 0:00 0:00
Tyler Seguin 0 1 1 0 0 6 0 0 0 0 21/33 22:47 5:17 2:47
3 Stars
1 - Zach Bogosian (Vgs)
2 - Artemi Panarin (Clb)
3 - Jared Cowen (Vgs)
Power Play
Golden Knights - 0 on 3 Attempt(s) - 0.00%
Blue Jackets - 1 on 6 Attempt(s) - 16.67%
Penalty Kill
Golden Knights - 5 on 6 Attempt(s) - 83.33%
- Score 0 goal in Penalty Kill
Blue Jackets - 3 on 3 Attempt(s) - 100.00%
- Score 0 goal in Penalty Kill
Team Stat
Golden Knights - Hits : 22 - Faceoff Wins : 25 - Blocked Shots : 15 - Penalty Minutes : 12
Blue Jackets - Hits : 10 - Faceoff Wins : 39 - Blocked Shots : 7 - Penalty Minutes : 6
Official
Referees : Unknown
Linesman : Unknown
Game Notes
No Game Note
Finance
Level 1 -- Attendance: 4809 (80.15%) -- Ticket Income $553,035
Level 2 -- Attendance: 3541 (70.82%) -- Ticket Income $265,575
Level 3 -- Attendance: 1463 (73.15%) -- Ticket Income $65,835
Level 4 -- Attendance: 3872 (96.80%) -- Ticket Income $116,160
Luxury Box -- Attendance: 703 (70.30%) -- Ticket Income $151,145
Game was played at the Ohio State Arena.
Total Attendance: 14388 (79.93%)
Total Ticket Income: $1,151,750
Other Income: $172,762
Total Income: $1,324,512
Golden Knights
5 vs 5 Forward
Center Left Wing Right Wing Time % Phy DF OF
1 Andrei Loktionov Ilya Kovalchuk Michael Frolik 40 1 2 2
2 Matt Stajan Chris Higgins Wayne Simmonds 30 1 2 2
3 Patrice Cormier Shawn Matthias Steve Bernier 20 1 2 2
4 Martin Hanzal Sergei Plotnikov Vladimir Zharkov 10 1 2 2
5 vs 5 Defense
Defense Defense Time % Phy DF OF
1 Zach Bogosian Jared Cowen 40 1 2 2
2 Michael Kostka Mathew Dumba 30 1 2 2
3 Vladimir Mihalik Wes O'Neill 20 1 2 2
4 Zach Bogosian Jared Cowen 10 1 2 2
PowerPlay Forward
Center Left Wing Right Wing Time % Phy DF OF
1 Andrei Loktionov Ilya Kovalchuk Michael Frolik 60 1 2 2
2 Matt Stajan Chris Higgins Wayne Simmonds 40 1 2 2
PowerPlay Defense
Defense Defense Time % Phy DF OF
1 Zach Bogosian Jared Cowen 60 1 2 2
2 Michael Kostka Mathew Dumba 40 1 2 2
Penalty Kill 4 Players Forward
Center Wing Time % Phy DF OF
1 Michael Frolik Ilya Kovalchuk 60 1 2 2
2 Andrei Loktionov Matt Stajan 40 1 2 2
Penalty Kill 4 Players Defense
Defense Defense Time % Phy DF OF
1 Zach Bogosian Jared Cowen 60 1 2 2
2 Michael Kostka Mathew Dumba 40 1 2 2
Penalty Kill - 3 Players Forward
Forward Time % Phy DF OF
1 Michael Frolik 60 1 2 2
2 Ilya Kovalchuk 40 1 2 2
Penalty Kill - 3 Players Defense
Defense Defense Time % Phy DF OF
1 Zach Bogosian Jared Cowen 60 1 2 2
2 Michael Kostka Mathew Dumba 40 1 2 2
4 vs 4 Forward
Center Wing Time % Phy DF OF
1 Michael Frolik Ilya Kovalchuk 60 1 2 2
2 Andrei Loktionov Matt Stajan 40 1 2 2
4 vs 4 Defense
Defense Defense Time % Phy DF OF
1 Zach Bogosian Jared Cowen 60 1 2 2
2 Michael Kostka Mathew Dumba 40 1 2 2
Last Minutes Offensive
Center Left Wing Right Wing Defense Defense
Andrei Loktionov Ilya Kovalchuk Michael Frolik Zach Bogosian Jared Cowen
Last Minutes Defensive
Center Left Wing Right Wing Defense Defense
Andrei Loktionov Ilya Kovalchuk Michael Frolik Zach Bogosian Jared Cowen
Goaltenders
Starting : Robin Lehner
Backup : Matt Hackett
Extra Forwards
Normal : Patrice Cormier, Steve Bernier, Shawn Matthias - PP : Patrice Cormier, Steve Bernier - PK : Shawn Matthias
Extra Defensemen
Normal : Vladimir Mihalik, Wes O'Neill, Michael Kostka - PP : Vladimir Mihalik - PK : Wes O'Neill, Michael Kostka
Penalty Shots
Michael Frolik, Ilya Kovalchuk, Andrei Loktionov, Matt Stajan, Wayne Simmonds
Scratches
None
Blue Jackets
5 vs 5 Forward
Center Left Wing Right Wing Time % Phy DF OF
1 Tyler Seguin Artemi Panarin Martin Havlat 40 1 2 2
2 Pavel Datsyuk Max Pacioretty Devin Setoguchi 30 1 2 2
3 Peter Mueller Eric Wellwood Tyler Kennedy 20 1 2 2
4 Cody Eakin Brandon Bollig Andreas Nodl 10 1 2 2
5 vs 5 Defense
Defense Defense Time % Phy DF OF
1 Cam Fowler Mike Lundin 40 1 2 2
2 Dalton Prout Rob Scuderi 30 1 2 2
3 Branislav Mezei Ryan Wilson 20 1 2 2
4 Cam Fowler Mike Lundin 10 1 2 2
PowerPlay Forward
Center Left Wing Right Wing Time % Phy DF OF
1 Tyler Seguin Artemi Panarin Devin Setoguchi 60 1 2 2
2 Peter Mueller Max Pacioretty Martin Havlat 40 1 2 2
PowerPlay Defense
Defense Defense Time % Phy DF OF
1 Cam Fowler Mike Lundin 60 1 2 2
2 Dalton Prout Rob Scuderi 40 1 2 2
Penalty Kill 4 Players Forward
Center Wing Time % Phy DF OF
1 Tyler Seguin Artemi Panarin 60 1 2 2
2 Max Pacioretty Peter Mueller 40 1 2 2
Penalty Kill 4 Players Defense
Defense Defense Time % Phy DF OF
1 Cam Fowler Mike Lundin 60 1 2 2
2 Dalton Prout Rob Scuderi 40 1 2 2
Penalty Kill - 3 Players Forward
Forward Time % Phy DF OF
1 Tyler Seguin 60 1 2 2
2 Artemi Panarin 40 1 2 2
Penalty Kill - 3 Players Defense
Defense Defense Time % Phy DF OF
1 Cam Fowler Mike Lundin 60 1 2 2
2 Dalton Prout Rob Scuderi 40 1 2 2
4 vs 4 Forward
Center Wing Time % Phy DF OF
1 Tyler Seguin Artemi Panarin 60 1 2 2
2 Max Pacioretty Peter Mueller 40 1 2 2
4 vs 4 Defense
Defense Defense Time % Phy DF OF
1 Cam Fowler Mike Lundin 60 1 2 2
2 Dalton Prout Rob Scuderi 40 1 2 2
Last Minutes Offensive
Center Left Wing Right Wing Defense Defense
Tyler Seguin Artemi Panarin Devin Setoguchi Cam Fowler Mike Lundin
Last Minutes Defensive
Center Left Wing Right Wing Defense Defense
Tyler Seguin Artemi Panarin Devin Setoguchi Cam Fowler Mike Lundin
Goaltenders
Starting : Rick DiPietro
Backup : Andrei Vasilevskiy
Extra Forwards
Normal : Pavel Datsyuk, Tyler Kennedy, Eric Wellwood - PP : Pavel Datsyuk, Tyler Kennedy - PK : Eric Wellwood
Extra Defensemen
Normal : Branislav Mezei, Ryan Wilson, Dalton Prout - PP : Branislav Mezei - PK : Ryan Wilson, Dalton Prout
Penalty Shots
Tyler Seguin, Artemi Panarin, Max Pacioretty, Peter Mueller, Devin Setoguchi
Scratches
Dennis Wideman (Healthy)
% Time on Ice - Golden Knights
Lines # - Real PCT - Wanted PCT - Time Play
Normal Forward
1 - 32% - 40% - 13:55
2 - 30% - 30% - 13:04
3 - 25% - 20% - 10:59
4 - 14% - 10% - 6:05
Normal Defense
1 - 41% - 40% - 18:03
2 - 34% - 30% - 14:50
3 - 24% - 20% - 10:41
4 - 1% - 10% - 0:29
PP Forward
1 - 78% - 60% - 3:23
2 - 22% - 40% - 0:57
PP Defense
1 - 78% - 60% - 3:23
2 - 22% - 40% - 0:57
PK Forward
1 - 74% - 60% - 5:51
2 - 26% - 40% - 2:05
PK Defense
1 - 60% - 60% - 4:47
2 - 40% - 40% - 3:09
PK3 Forward
1 - 100% - 60% - 0:57
2 - 0% - 40% - 0:00
PK3 Defense
1 - 100% - 60% - 0:57
2 - 0% - 40% - 0:00
44 Forward
1 - 60% - 60% - 0:58
2 - 40% - 40% - 0:39
44 Defense
1 - 52% - 60% - 0:50
2 - 48% - 40% - 0:47
Last Minute Offensive - 0:00
Last Minute Defensive - 1:07
Total
Forward - 60:00
Defense - 60:00
|
% Time on Ice - Blue Jackets
Lines # - Real PCT - Wanted PCT - Time Play
Normal Forward
1 - 29% - 40% - 12:44
2 - 25% - 30% - 11:03
3 - 25% - 20% - 11:04
4 - 21% - 10% - 9:13
Normal Defense
1 - 42% - 40% - 18:37
2 - 35% - 30% - 15:14
3 - 21% - 20% - 9:10
4 - 2% - 10% - 1:03
PP Forward
1 - 59% - 60% - 5:17
2 - 41% - 40% - 3:36
PP Defense
1 - 67% - 60% - 5:56
2 - 33% - 40% - 2:57
PK Forward
1 - 83% - 60% - 3:37
2 - 17% - 40% - 0:43
PK Defense
1 - 44% - 60% - 1:54
2 - 56% - 40% - 2:26
PK3 Forward
1 - 0% - 60%
2 - 0% - 40%
PK3 Defense
1 - 0% - 60%
2 - 0% - 40%
44 Forward
1 - 76% - 60% - 1:14
2 - 24% - 40% - 0:23
44 Defense
1 - 57% - 60% - 0:55
2 - 43% - 40% - 0:42
Last Minute Offensive - 1:06
Last Minute Defensive - 0:00
Total
Forward - 60:00
Defense - 60:00
|
Play-by-Play
1st period
0:01 of 1st period - Andrei Loktionov wins face-off versus Artemi Panarin in neutral zone.
0:12 of 1st period - Wrist shot by Tyler Seguin.
0:12 of 1st period - Shot Misses the Net.
0:14 of 1st period - Snap shot by Artemi Panarin.
0:14 of 1st period - Shot Blocked by Ilya Kovalchuk.
0:16 of 1st period - Wrist shot by Tyler Seguin.
0:16 of 1st period - Deflect By Zach Bogosian.
0:16 of 1st period - Shot Misses the Net.
0:16 of 1st period - Puck is out of play.
0:17 of 1st period - Matt Stajan wins face-off versus Pavel Datsyuk in Golden Knights zone.
0:24 of 1st period - Wrist shot by Chris Higgins.
0:24 of 1st period - Shot Misses the Net.
0:47 of 1st period - Wrist shot by Eric Wellwood.
0:47 of 1st period - Stopped by Robin Lehner without a rebound.
0:48 of 1st period - Peter Mueller wins face-off versus Martin Hanzal in Golden Knights zone.
1:19 of 1st period - Wrist shot by Tyler Kennedy.
1:19 of 1st period - Stopped by Robin Lehner without a rebound.
1:20 of 1st period - Andrei Loktionov wins face-off versus Tyler Seguin in Golden Knights zone.
2:20 of 1st period - Minor Penalty to Steve Bernier for Hooking.
2:21 of 1st period - Ilya Kovalchuk wins face-off versus Tyler Seguin in Golden Knights zone.
2:47 of 1st period - Martin Havlat is hit by Mathew Dumba and loses puck.
4:02 of 1st period - Artemi Panarin is hit by Sergei Plotnikov and loses puck.
4:20 of 1st period - Penalty to Steve Bernier is over, Steve Bernier is back on ice.
4:28 of 1st period - Slapshot by Michael Frolik.
4:28 of 1st period - Stopped by Rick DiPietro with a rebound.
4:34 of 1st period - Snap shot by Michael Frolik.
4:34 of 1st period - Stopped by Rick DiPietro without a rebound.
4:35 of 1st period - Matt Stajan wins face-off versus Cody Eakin in Blue Jackets zone.
4:38 of 1st period - Wrist shot by Wayne Simmonds.
4:38 of 1st period - Shot Blocked by Cam Fowler.
4:40 of 1st period - Slapshot by Wes O'Neill.
4:40 of 1st period - Stopped by Rick DiPietro without a rebound.
4:41 of 1st period - Matt Stajan wins face-off versus Cody Eakin in Blue Jackets zone.
4:59 of 1st period - Minor Penalty to Brandon Bollig for Hooking.
5:00 of 1st period - Tyler Seguin wins face-off versus Andrei Loktionov in Blue Jackets zone.
5:11 of 1st period - Off-side.
5:12 of 1st period - Andrei Loktionov wins face-off versus Tyler Seguin in neutral zone.
5:21 of 1st period - Minor Penalty to Michael Frolik for Interference.
5:22 of 1st period - Tyler Seguin wins face-off versus Patrice Cormier in Golden Knights zone.
6:13 of 1st period - Snap shot by Max Pacioretty.
6:13 of 1st period - Stopped by Robin Lehner with a rebound.
6:28 of 1st period - Off-side.
6:29 of 1st period - Pavel Datsyuk wins face-off versus Andrei Loktionov in neutral zone.
6:59 of 1st period - Penalty to Brandon Bollig is over, Brandon Bollig is back on ice.
7:01 of 1st period - Snap shot by Andrei Loktionov.
7:01 of 1st period - Deflect By Matt Stajan.
7:01 of 1st period - Shot Misses the Net.
7:01 of 1st period - Puck is out of play.
7:02 of 1st period - Peter Mueller wins face-off versus Shawn Matthias in Blue Jackets zone.
7:04 of 1st period - Icing by Max Pacioretty.
7:05 of 1st period - Shawn Matthias wins face-off versus Peter Mueller in Blue Jackets zone.
7:10 of 1st period - Snap shot by Ilya Kovalchuk.
7:10 of 1st period - Stopped by Rick DiPietro with a rebound.
7:21 of 1st period - Penalty to Michael Frolik is over, Michael Frolik is back on ice.
7:52 of 1st period - Wrist shot by Andrei Loktionov.
7:52 of 1st period - Stopped by Rick DiPietro with a rebound.
7:58 of 1st period - Mathew Dumba is hit by Brandon Bollig and loses puck.
8:36 of 1st period - Mathew Dumba is hit by Ryan Wilson and loses puck.
8:53 of 1st period - Snap shot by Cody Eakin.
8:53 of 1st period - Shot Blocked by Ilya Kovalchuk.
9:53 of 1st period - Eric Wellwood is hit by Martin Hanzal.
10:15 of 1st period - Snap shot by Andrei Loktionov.
10:15 of 1st period - Stopped by Rick DiPietro with a rebound.
10:51 of 1st period - Branislav Mezei is hit by Steve Bernier and loses puck.
11:12 of 1st period - Peter Mueller is hit by Ilya Kovalchuk and loses puck.
11:29 of 1st period - Zach Bogosian is hit by Andreas Nodl and loses puck.
11:36 of 1st period - Backhand shot by Cody Eakin.
11:36 of 1st period - Shot Blocked by Zach Bogosian.
11:38 of 1st period - Slapshot by Brandon Bollig.
11:38 of 1st period - Shot Misses the Net.
11:40 of 1st period - Wrist shot by Cody Eakin.
11:40 of 1st period - Stopped by Robin Lehner with a rebound.
11:42 of 1st period - Slapshot by Ryan Wilson.
11:42 of 1st period - Stopped by Robin Lehner with a rebound.
12:04 of 1st period - Pavel Datsyuk is hit by Wayne Simmonds and loses puck.
12:37 of 1st period - Mike Lundin is hit by Vladimir Mihalik.
12:43 of 1st period - Wrist shot by Tyler Seguin.
12:43 of 1st period - Shot Blocked by Vladimir Mihalik.
13:08 of 1st period - Slapshot by Artemi Panarin.
13:08 of 1st period - Shot Blocked by Michael Kostka.
13:10 of 1st period - Wrist shot by Martin Havlat.
13:10 of 1st period - Shot Misses the Net.
13:12 of 1st period - Slapshot by Rob Scuderi.
13:12 of 1st period - Deflect By Tyler Seguin.
13:12 of 1st period - Stopped by Robin Lehner without a rebound.
13:13 of 1st period - Pavel Datsyuk wins face-off versus Andrei Loktionov in Golden Knights zone.
13:21 of 1st period - Minor Penalty to Ilya Kovalchuk for Hooking.
13:22 of 1st period - Peter Mueller wins face-off versus Michael Frolik in Golden Knights zone.
15:21 of 1st period - Penalty to Ilya Kovalchuk is over, Ilya Kovalchuk is back on ice.
15:23 of 1st period - Mathew Dumba is hit by Cam Fowler and loses puck.
15:36 of 1st period - Snap shot by Cody Eakin.
15:36 of 1st period - Shot Blocked by Michael Kostka.
16:05 of 1st period - Slapshot by Michael Kostka.
16:05 of 1st period - Deflect By Pavel Datsyuk.
16:05 of 1st period - Stopped by Rick DiPietro without a rebound.
16:06 of 1st period - Cody Eakin wins face-off versus Andrei Loktionov in Blue Jackets zone.
17:13 of 1st period - Rob Scuderi is hit by Michael Frolik and loses puck.
17:32 of 1st period - Snap shot by Eric Wellwood.
17:32 of 1st period - Shot Blocked by Zach Bogosian.
17:38 of 1st period - Peter Mueller is hit by Ilya Kovalchuk and loses puck.
17:49 of 1st period - Slapshot by Michael Frolik.
17:49 of 1st period - Stopped by Rick DiPietro with a rebound.
17:51 of 1st period - Slapshot by Michael Kostka.
17:51 of 1st period - Deflect By Ilya Kovalchuk.
17:51 of 1st period - Stopped by Rick DiPietro with a rebound.
17:53 of 1st period - Snap shot by Michael Frolik.
17:53 of 1st period - Shot Blocked by Rob Scuderi.
17:55 of 1st period - Snap shot by Ilya Kovalchuk.
17:55 of 1st period - Stopped by Rick DiPietro with a rebound.
17:57 of 1st period - Slapshot by Wes O'Neill.
17:57 of 1st period - Shot Misses the Net.
17:59 of 1st period - Wrist shot by Mathew Dumba.
17:59 of 1st period - Shot Blocked by Rob Scuderi.
18:18 of 1st period - Off-side.
18:19 of 1st period - Matt Stajan wins face-off versus Tyler Seguin in neutral zone.
18:50 of 1st period - Snap shot by Max Pacioretty.
18:50 of 1st period - Stopped by Robin Lehner with a rebound.
18:56 of 1st period - Slapshot by Pavel Datsyuk.
18:56 of 1st period - Stopped by Robin Lehner with a rebound.
19:08 of 1st period - Minor Penalty to Patrice Cormier for Hooking.
19:09 of 1st period - Tyler Seguin wins face-off versus Michael Frolik in Golden Knights zone.
19:16 of 1st period - Snap shot by Tyler Seguin.
19:16 of 1st period - Shot Blocked by Ilya Kovalchuk.
19:18 of 1st period - Wrist shot by Devin Setoguchi.
19:18 of 1st period - Stopped by Robin Lehner without a rebound.
19:19 of 1st period - Tyler Seguin wins face-off versus Michael Frolik in Golden Knights zone.
19:38 of 1st period - Snap shot by Artemi Panarin.
19:38 of 1st period - Stopped by Robin Lehner without a rebound.
19:39 of 1st period - Peter Mueller wins face-off versus Michael Frolik in Golden Knights zone.
19:43 of 1st period - Minor Penalty to Ilya Kovalchuk for Slashing.
19:44 of 1st period - Tyler Seguin wins face-off versus Michael Frolik in Golden Knights zone.
Goals for this period are 0 for Golden Knights vs 0 for Blue Jackets.
Shots for this period are 10 for Golden Knights vs 10 for Blue Jackets.
2nd period
0:01 of 2nd period - Michael Frolik wins face-off versus Tyler Seguin in neutral zone.
0:16 of 2nd period - Backhand shot by Zach Bogosian.
0:16 of 2nd period - Stopped by Rick DiPietro without a rebound.
0:17 of 2nd period - Peter Mueller wins face-off versus Michael Frolik in Blue Jackets zone.
0:30 of 2nd period - Slapshot by Zach Bogosian.
0:30 of 2nd period - Stopped by Rick DiPietro without a rebound.
0:31 of 2nd period - Tyler Seguin wins face-off versus Michael Frolik in Blue Jackets zone.
0:40 of 2nd period - Snap shot by Devin Setoguchi.
0:40 of 2nd period - Goal by Devin Setoguchi - Golden Knights : 0 - Blue Jackets : 1.
0:41 of 2nd period - Artemi Panarin wins face-off versus Michael Frolik in neutral zone.
1:43 of 2nd period - Penalty to Ilya Kovalchuk is over, Ilya Kovalchuk is back on ice.
2:29 of 2nd period - Wrist shot by Tyler Kennedy.
2:29 of 2nd period - Shot Blocked by Wes O'Neill.
2:31 of 2nd period - Slapshot by Rob Scuderi.
2:31 of 2nd period - Shot Blocked by Vladimir Mihalik.
2:49 of 2nd period - Snap shot by Pavel Datsyuk.
2:49 of 2nd period - Shot Misses the Net.
3:03 of 2nd period - Wrist shot by Tyler Seguin.
3:03 of 2nd period - Shot Misses the Net.
3:49 of 2nd period - Snap shot by Michael Frolik.
3:49 of 2nd period - Shot Misses the Net.
3:51 of 2nd period - Slapshot by Jared Cowen.
3:51 of 2nd period - Deflect By Mike Lundin.
3:51 of 2nd period - Goal by Jared Cowen - Golden Knights : 1 - Blue Jackets : 1.
3:52 of 2nd period - Tyler Seguin wins face-off versus Andrei Loktionov in neutral zone.
5:27 of 2nd period - Snap shot by Michael Frolik.
5:27 of 2nd period - Shot Blocked by Cam Fowler.
5:29 of 2nd period - Snap shot by Andrei Loktionov.
5:29 of 2nd period - Stopped by Rick DiPietro without a rebound.
5:30 of 2nd period - Andrei Loktionov wins face-off versus Artemi Panarin in Blue Jackets zone.
6:24 of 2nd period - Snap shot by Eric Wellwood.
6:24 of 2nd period - Deflect By Tyler Kennedy.
6:24 of 2nd period - Stopped by Robin Lehner with a rebound.
6:26 of 2nd period - Slapshot by Mike Lundin.
6:26 of 2nd period - Shot Misses the Net.
6:57 of 2nd period - Icing by Brandon Bollig.
6:58 of 2nd period - Martin Hanzal wins face-off versus Cody Eakin in Blue Jackets zone.
8:17 of 2nd period - Snap shot by Matt Stajan.
8:17 of 2nd period - Shot Misses the Net.
8:33 of 2nd period - Slapshot by Cody Eakin.
8:33 of 2nd period - Stopped by Robin Lehner without a rebound.
8:34 of 2nd period - Andrei Loktionov wins face-off versus Tyler Seguin in Golden Knights zone.
9:01 of 2nd period - Minor Penalty to Dalton Prout for High sticking.
9:02 of 2nd period - Andrei Loktionov wins face-off versus Tyler Seguin in Blue Jackets zone.
9:10 of 2nd period - Off-side.
9:11 of 2nd period - Tyler Seguin wins face-off versus Andrei Loktionov in neutral zone.
9:14 of 2nd period - Slapshot by Rob Scuderi.
9:14 of 2nd period - Deflect By Ilya Kovalchuk.
9:14 of 2nd period - Stopped by Robin Lehner without a rebound.
9:15 of 2nd period - Tyler Seguin wins face-off versus Andrei Loktionov in Golden Knights zone.
9:24 of 2nd period - Backhand shot by Tyler Seguin.
9:24 of 2nd period - Stopped by Robin Lehner without a rebound.
9:25 of 2nd period - Andrei Loktionov wins face-off versus Tyler Seguin in Golden Knights zone.
9:38 of 2nd period - Wrist shot by Michael Frolik.
9:38 of 2nd period - Stopped by Rick DiPietro with a rebound.
9:40 of 2nd period - Snap shot by Andrei Loktionov.
9:40 of 2nd period - Stopped by Rick DiPietro with a rebound.
9:42 of 2nd period - Slapshot by Zach Bogosian.
9:42 of 2nd period - Stopped by Rick DiPietro with a rebound.
9:44 of 2nd period - Snap shot by Ilya Kovalchuk.
9:44 of 2nd period - Stopped by Rick DiPietro with a rebound.
9:46 of 2nd period - Wrist shot by Andrei Loktionov.
9:46 of 2nd period - Shot Misses the Net.
9:48 of 2nd period - Snap shot by Andrei Loktionov.
9:48 of 2nd period - Stopped by Rick DiPietro with a rebound.
11:01 of 2nd period - Penalty to Dalton Prout is over, Dalton Prout is back on ice.
11:24 of 2nd period - Wrist shot by Peter Mueller.
11:24 of 2nd period - Shot Misses the Net.
11:46 of 2nd period - Wrist shot by Michael Frolik.
11:46 of 2nd period - Shot Blocked by Ryan Wilson.
11:48 of 2nd period - Snap shot by Ilya Kovalchuk.
11:48 of 2nd period - Stopped by Rick DiPietro with a rebound.
11:50 of 2nd period - Slapshot by Jared Cowen.
11:50 of 2nd period - Shot Misses the Net.
11:52 of 2nd period - Snap shot by Ilya Kovalchuk.
11:52 of 2nd period - Stopped by Rick DiPietro with a rebound.
11:54 of 2nd period - Slapshot by Andrei Loktionov.
11:54 of 2nd period - Shot Misses the Net.
11:56 of 2nd period - Wrist shot by Zach Bogosian.
11:56 of 2nd period - Stopped by Rick DiPietro without a rebound.
11:57 of 2nd period - Matt Stajan wins face-off versus Cody Eakin in Blue Jackets zone.
12:22 of 2nd period - Shawn Matthias is hit by Cam Fowler and loses puck.
12:36 of 2nd period - Icing by Tyler Seguin.
12:37 of 2nd period - Tyler Seguin wins face-off versus Chris Higgins in Blue Jackets zone.
12:42 of 2nd period - Michael Kostka is hit by Martin Havlat and loses puck.
12:53 of 2nd period - Snap shot by Tyler Seguin.
12:53 of 2nd period - Stopped by Robin Lehner without a rebound.
12:54 of 2nd period - Patrice Cormier wins face-off versus Peter Mueller in Golden Knights zone.
13:31 of 2nd period - Snap shot by Tyler Kennedy.
13:31 of 2nd period - Deflect By Eric Wellwood.
13:31 of 2nd period - Deflect By Steve Bernier.
13:31 of 2nd period - Shot Misses the Net.
13:31 of 2nd period - Puck is out of play.
13:32 of 2nd period - Tyler Seguin wins face-off versus Matt Stajan in Golden Knights zone.
13:45 of 2nd period - Wrist shot by Matt Stajan.
13:45 of 2nd period - Shot Misses the Net.
13:47 of 2nd period - Snap shot by Wayne Simmonds.
13:47 of 2nd period - Shot Misses the Net.
13:57 of 2nd period - Sergei Plotnikov is hit by Devin Setoguchi and loses puck.
14:06 of 2nd period - Slapshot by Devin Setoguchi.
14:06 of 2nd period - Stopped by Robin Lehner without a rebound.
14:07 of 2nd period - Matt Stajan wins face-off versus Tyler Seguin in Golden Knights zone.
14:22 of 2nd period - Wrist shot by Martin Havlat.
14:22 of 2nd period - Shot Misses the Net.
14:24 of 2nd period - Snap shot by Tyler Seguin.
14:24 of 2nd period - Stopped by Robin Lehner with a rebound.
15:19 of 2nd period - Michael Kostka is hit by Brandon Bollig and loses puck.
15:39 of 2nd period - Rob Scuderi is hit by Chris Higgins and loses puck.
16:02 of 2nd period - Slapshot by Patrice Cormier.
16:02 of 2nd period - Stopped by Rick DiPietro without a rebound.
16:03 of 2nd period - Pavel Datsyuk wins face-off versus Patrice Cormier in Blue Jackets zone.
16:36 of 2nd period - Slapshot by Zach Bogosian.
16:36 of 2nd period - Stopped by Rick DiPietro with a rebound.
16:46 of 2nd period - Wrist shot by Patrice Cormier.
16:46 of 2nd period - Goal by Patrice Cormier - Golden Knights : 2 - Blue Jackets : 1.
16:47 of 2nd period - Tyler Seguin wins face-off versus Michael Frolik in neutral zone.
17:01 of 2nd period - Snap shot by Michael Frolik.
17:01 of 2nd period - Shot Misses the Net.
17:03 of 2nd period - Wrist shot by Ilya Kovalchuk.
17:03 of 2nd period - Stopped by Rick DiPietro with a rebound.
17:35 of 2nd period - Snap shot by Martin Hanzal.
17:35 of 2nd period - Stopped by Rick DiPietro with a rebound.
18:23 of 2nd period - Minor Penalty to Michael Kostka for High sticking.
18:24 of 2nd period - Tyler Seguin wins face-off versus Michael Frolik in Golden Knights zone.
Goals for this period are 2 for Golden Knights vs 1 for Blue Jackets.
Shots for this period are 17 for Golden Knights vs 8 for Blue Jackets.
3rd period
0:01 of 3rd period - Michael Frolik wins face-off versus Devin Setoguchi in neutral zone.
0:10 of 3rd period - Wrist shot by Michael Frolik.
0:10 of 3rd period - Stopped by Rick DiPietro without a rebound.
0:11 of 3rd period - Michael Frolik wins face-off versus Tyler Seguin in Blue Jackets zone.
0:23 of 3rd period - Penalty to Michael Kostka is over, Michael Kostka is back on ice.
1:07 of 3rd period - Slapshot by Brandon Bollig.
1:07 of 3rd period - Stopped by Robin Lehner with a rebound.
1:09 of 3rd period - Wrist shot by Andreas Nodl.
1:09 of 3rd period - Stopped by Robin Lehner without a rebound.
1:10 of 3rd period - Artemi Panarin wins face-off versus Ilya Kovalchuk in Golden Knights zone.
1:15 of 3rd period - Wrist shot by Tyler Seguin.
1:15 of 3rd period - Stopped by Robin Lehner without a rebound.
1:16 of 3rd period - Tyler Seguin wins face-off versus Andrei Loktionov in Golden Knights zone.
1:19 of 3rd period - Snap shot by Tyler Seguin.
1:19 of 3rd period - Stopped by Robin Lehner without a rebound.
1:20 of 3rd period - Tyler Seguin wins face-off versus Michael Frolik in Golden Knights zone.
1:28 of 3rd period - Off-side.
1:29 of 3rd period - Tyler Seguin wins face-off versus Andrei Loktionov in neutral zone.
1:37 of 3rd period - Snap shot by Zach Bogosian.
1:37 of 3rd period - Stopped by Rick DiPietro with a rebound.
2:48 of 3rd period - Dalton Prout is hit by Mathew Dumba and loses puck.
2:59 of 3rd period - Martin Havlat is hit by Michael Kostka and loses puck.
3:06 of 3rd period - Snap shot by Sergei Plotnikov.
3:06 of 3rd period - Deflect By Vladimir Zharkov.
3:06 of 3rd period - Shot Misses the Net.
3:06 of 3rd period - Puck is out of play.
3:07 of 3rd period - Tyler Seguin wins face-off versus Andrei Loktionov in Blue Jackets zone.
3:14 of 3rd period - Wrist shot by Andrei Loktionov.
3:14 of 3rd period - Stopped by Rick DiPietro with a rebound.
3:16 of 3rd period - Wrist shot by Ilya Kovalchuk.
3:16 of 3rd period - Stopped by Rick DiPietro with a rebound.
3:58 of 3rd period - Minor Penalty to Cam Fowler for Tripping.
3:59 of 3rd period - Tyler Seguin wins face-off versus Andrei Loktionov in Blue Jackets zone.
4:10 of 3rd period - Wrist shot by Ilya Kovalchuk.
4:10 of 3rd period - Shot Blocked by Dalton Prout.
5:34 of 3rd period - Icing by Zach Bogosian.
5:35 of 3rd period - Ilya Kovalchuk wins face-off versus Eric Wellwood in Golden Knights zone.
5:43 of 3rd period - Eric Wellwood is hit by Matt Stajan and loses puck.
5:58 of 3rd period - Penalty to Cam Fowler is over, Cam Fowler is back on ice.
6:06 of 3rd period - Andreas Nodl is hit by Shawn Matthias and loses puck.
6:15 of 3rd period - Wrist shot by Andreas Nodl.
6:15 of 3rd period - Stopped by Robin Lehner with a rebound.
6:17 of 3rd period - Snap shot by Dalton Prout.
6:17 of 3rd period - Deflect By Cody Eakin.
6:17 of 3rd period - Stopped by Robin Lehner with a rebound.
6:35 of 3rd period - Snap shot by Martin Hanzal.
6:35 of 3rd period - Deflect By Sergei Plotnikov.
6:35 of 3rd period - Stopped by Rick DiPietro with a rebound.
7:01 of 3rd period - Tyler Seguin is hit by Wayne Simmonds and loses puck.
7:14 of 3rd period - Snap shot by Martin Havlat.
7:14 of 3rd period - Stopped by Robin Lehner without a rebound.
7:15 of 3rd period - Pavel Datsyuk wins face-off versus Patrice Cormier in Golden Knights zone.
7:23 of 3rd period - Off-side.
7:24 of 3rd period - Pavel Datsyuk wins face-off versus Ilya Kovalchuk in neutral zone.
7:50 of 3rd period - Max Pacioretty is hit by Chris Higgins and loses puck.
8:51 of 3rd period - Slapshot by Mathew Dumba.
8:51 of 3rd period - Deflect By Chris Higgins.
8:51 of 3rd period - Stopped by Rick DiPietro without a rebound.
8:52 of 3rd period - Matt Stajan wins face-off versus Peter Mueller in Blue Jackets zone.
9:17 of 3rd period - Peter Mueller is hit by Steve Bernier and loses puck.
9:44 of 3rd period - Mike Lundin is hit by Michael Frolik and loses puck.
10:52 of 3rd period - Snap shot by Pavel Datsyuk.
10:52 of 3rd period - Shot Misses the Net.
10:56 of 3rd period - Wrist shot by Devin Setoguchi.
10:56 of 3rd period - Stopped by Robin Lehner without a rebound.
10:57 of 3rd period - Martin Havlat wins face-off versus Andrei Loktionov in Golden Knights zone.
11:04 of 3rd period - Backhand shot by Martin Havlat.
11:04 of 3rd period - Shot Misses the Net.
11:24 of 3rd period - Wayne Simmonds is hit by Mike Lundin and loses puck.
11:53 of 3rd period - Wrist shot by Cody Eakin.
11:53 of 3rd period - Shot Blocked by Steve Bernier.
12:31 of 3rd period - Dalton Prout is hit by Zach Bogosian.
12:56 of 3rd period - Snap shot by Zach Bogosian.
12:56 of 3rd period - Goal by Zach Bogosian - Golden Knights : 3 - Blue Jackets : 1.
12:57 of 3rd period - Andrei Loktionov wins face-off versus Tyler Seguin in neutral zone.
13:23 of 3rd period - Pavel Datsyuk is hit by Mathew Dumba and loses puck.
13:50 of 3rd period - Wrist shot by Peter Mueller.
13:50 of 3rd period - Stopped by Robin Lehner without a rebound.
13:51 of 3rd period - Peter Mueller wins face-off versus Steve Bernier in Golden Knights zone.
13:52 of 3rd period - Wrist shot by Eric Wellwood.
13:52 of 3rd period - Shot Blocked by Mathew Dumba.
13:58 of 3rd period - Rob Scuderi is hit by Patrice Cormier and loses puck.
14:12 of 3rd period - Slapshot by Patrice Cormier.
14:12 of 3rd period - Stopped by Rick DiPietro with a rebound.
14:14 of 3rd period - Slapshot by Michael Kostka.
14:14 of 3rd period - Deflect By Eric Wellwood.
14:14 of 3rd period - Stopped by Rick DiPietro with a rebound.
14:26 of 3rd period - Wrist shot by Eric Wellwood.
14:26 of 3rd period - Shot Misses the Net.
14:28 of 3rd period - Snap shot by Eric Wellwood.
14:28 of 3rd period - Deflect By Steve Bernier.
14:28 of 3rd period - Stopped by Robin Lehner with a rebound.
14:30 of 3rd period - Snap shot by Eric Wellwood.
14:30 of 3rd period - Shot Blocked by Zach Bogosian.
14:32 of 3rd period - Wrist shot by Eric Wellwood.
14:32 of 3rd period - Shot Misses the Net.
14:34 of 3rd period - Wrist shot by Tyler Kennedy.
14:34 of 3rd period - Shot Hit the Post.
14:36 of 3rd period - Snap shot by Dalton Prout.
14:36 of 3rd period - Shot Misses the Net.
14:38 of 3rd period - Slapshot by Rob Scuderi.
14:38 of 3rd period - Deflect By Tyler Kennedy.
14:38 of 3rd period - Stopped by Robin Lehner with a rebound.
14:40 of 3rd period - Snap shot by Peter Mueller.
14:40 of 3rd period - Deflect By Eric Wellwood.
14:40 of 3rd period - Stopped by Robin Lehner without a rebound.
14:41 of 3rd period - Martin Havlat wins face-off versus Andrei Loktionov in Golden Knights zone.
14:42 of 3rd period - Wrist shot by Artemi Panarin.
14:42 of 3rd period - Shot Blocked by Mathew Dumba.
14:44 of 3rd period - Slapshot by Artemi Panarin.
14:44 of 3rd period - Shot Misses the Net.
14:46 of 3rd period - Snap shot by Artemi Panarin.
14:46 of 3rd period - Goal by Artemi Panarin - Golden Knights : 3 - Blue Jackets : 2.
14:47 of 3rd period - Andrei Loktionov wins face-off versus Tyler Seguin in neutral zone.
14:55 of 3rd period - Off-side.
14:56 of 3rd period - Tyler Seguin wins face-off versus Andrei Loktionov in neutral zone.
15:13 of 3rd period - Slapshot by Zach Bogosian.
15:13 of 3rd period - Shot Misses the Net.
15:15 of 3rd period - Wrist shot by Andrei Loktionov.
15:15 of 3rd period - Stopped by Rick DiPietro without a rebound.
15:16 of 3rd period - Peter Mueller wins face-off versus Patrice Cormier in Blue Jackets zone.
15:21 of 3rd period - Steve Bernier is hit by Cam Fowler and loses puck.
15:30 of 3rd period - Cam Fowler is hit by Patrice Cormier and loses puck.
16:10 of 3rd period - Snap shot by Zach Bogosian.
16:10 of 3rd period - Deflect By Ryan Wilson.
16:10 of 3rd period - Stopped by Rick DiPietro without a rebound.
16:11 of 3rd period - Matt Stajan wins face-off versus Pavel Datsyuk in Blue Jackets zone.
16:14 of 3rd period - Slapshot by Matt Stajan.
16:14 of 3rd period - Shot Blocked by Branislav Mezei.
16:18 of 3rd period - Snap shot by Chris Higgins.
16:18 of 3rd period - Shot Misses the Net.
16:44 of 3rd period - Off-side.
16:45 of 3rd period - Peter Mueller wins face-off versus Andrei Loktionov in neutral zone.
17:00 of 3rd period - Wrist shot by Peter Mueller.
17:00 of 3rd period - Shot Misses the Net.
17:02 of 3rd period - Slapshot by Tyler Kennedy.
17:02 of 3rd period - Stopped by Robin Lehner without a rebound.
17:03 of 3rd period - Tyler Seguin wins face-off versus Steve Bernier in Golden Knights zone.
17:16 of 3rd period - Wrist shot by Artemi Panarin.
17:16 of 3rd period - Shot Blocked by Steve Bernier.
18:47 of 3rd period - Blue Jackets, Rick DiPietro is pulled from the net.
19:17 of 3rd period - Snap shot by Andrei Loktionov.
19:17 of 3rd period - Shot Misses the Net.
19:30 of 3rd period - Icing by Cam Fowler.
19:31 of 3rd period - Rick DiPietro from Blue Jackets was sent back in the game.
19:31 of 3rd period - Tyler Seguin wins face-off versus Michael Frolik in Blue Jackets zone.
19:40 of 3rd period - Blue Jackets, Rick DiPietro is pulled from the net.
Goals for this period are 1 for Golden Knights vs 1 for Blue Jackets.
Shots for this period are 11 for Golden Knights vs 14 for Blue Jackets.